 Dungeon Crawl Stone Soup version 0.31.0-32-g396128a36d (webtiles) character file.

Game seed: 73886098957844759

72220 chippings the Arsonist (level 15, -8/121 HPs)
             Began as a Pale Draconian Wanderer on Apr 5, 2024.
             Was a Believer of Uskayaw.
             Mangled by a kraken (23 damage)
             ... on level 1 of the Swamp.
             The game lasted 00:54:10 (20727 turns).

chippings the Arsonist (Pale Draconian Wanderer)   Turns: 20727, Time: 00:54:10

Health: -8/121     AC: 17    Str: 19    XL:     15   Next: 0%
Magic:  7/22       EV: 18    Int: 20    God:    Uskayaw [**....]
Gold:   1529       SH: 10    Dex: 23    Spells: 3/18 levels left

rFire   . . .        q - +6 short sword of the Ageing Shark {drain, rPois Str+6}
rCold   x . .        e - +2 buckler
rNeg    . . .        (body armour unavailable)
rPois   +            (helmet restricted)
rElec   .            j - +2 cloak {Stlth+}
rCorr   .            M - +1 pair of gloves
SInv    .            b - +2 pair of boots of Xaitzu {Fly rC- Dex+5}
Will    +....        H - amulet of magic regeneration
Stlth   ++++++       m - +6 ring of intelligence
HPRegen 0.40/turn    t - ring of poison resistance
MPRegen 0.58/turn

%: no passive effects
@: flying
A: breathe steam, AC +9, unfitting armour, cold-blooded, steam resistance
a: Breathe Steam, Renounce Religion, Stomp, Line Pass


You were on level 1 of the Swamp.
You worshipped Uskayaw.
Uskayaw was aware of your devotion.
You visited 5 branches of the dungeon, and saw 23 of its levels.

You collected 2083 gold pieces.
You spent 554 gold pieces at shops.

Inventory:

Hand Weapons
 q - the +6 short sword of the Ageing Shark (weapon) {drain, rPois Str+6}
   (You found it on level 3 of the Dungeon)

   Str+6:     It affects your strength (+6).
   rPois:     It protects you from poison
Missiles
 g - 16 poisoned darts
 h - 3 throwing nets
 u - 2 atropa-tipped darts
Armour
 b - the +2 pair of boots of Xaitzu (worn) {Fly rC- Dex+5}
   (You acquired it on level 7 of the Dungeon)

   Dex+5:     It affects your dexterity (+5).
   rC-:       It makes you vulnerable to cold.
   Fly:       It grants you flight.
 e - a +2 buckler (worn)
 j - a +2 cloak of stealth (worn)
 G - a +0 cloak of willpower
 K - a scarf of resistance
 M - a +1 pair of gloves (worn)
Jewellery
 m - a +6 ring of intelligence (left hand)
 t - a ring of poison resistance (right hand)
 y - a ring of resist corrosion
 E - a ring of protection from cold
 H - an amulet of magic regeneration (around neck)
 N - a ring of protection from fire
 T - a ring of willpower
Wands
 c - a wand of roots (11)
 f - a wand of mindburst (7)
 o - a wand of flame (39)
 P - a wand of light (7)
 X - a wand of digging (2)
Scrolls
 a - 2 scrolls of vulnerability
 i - 3 scrolls of amnesia
 k - 3 scrolls of poison
 l - 4 scrolls of immolation
 v - 3 scrolls of fog
 x - 3 scrolls of brand weapon
 A - 3 scrolls of noise
 B - 2 scrolls of torment {unknown}
 C - 2 scrolls of teleportation
 F - 4 scrolls of fear
 J - 2 scrolls of enchant weapon
 L - a scroll of enchant armour
 Q - 2 scrolls of revelation
 W - a scroll of blinking {unknown}
 Z - 3 scrolls of summoning {unknown}
Potions
 d - 2 potions of haste
 n - 4 potions of might
 p - 5 potions of curing
 r - 4 potions of mutation
 s - 14 potions of ambrosia
 w - a potion of cancellation
 z - 3 potions of lignification {unknown}
 D - 2 potions of berserk rage {unknown}
 I - a potion of enlightenment {unknown}
 R - a potion of heal wounds
 S - a potion of experience {unknown}
Miscellaneous
 U - a box of beasts
 V - a phial of floods


   Skills:
 - Level 8.0 Fighting
 - Level 10.0 Short Blades
 + Level 7.5 Dodging
 - Level 10.0 Stealth
 - Level 10.0 Shields
 - Level 2.0 Spellcasting
 + Level 11.0 Conjurations
 + Level 12.4 Fire Magic
 - Level 4.0 Alchemy
 + Level 9.8 Invocations
 - Level 2.1 Evocations


You had 3 spell levels left.
You knew the following spells:

 Your Spells              Type           Power      Damage    Failure   Level
a - Foxfire               Conj/Fire      100%       2x1d9     1%          1
b - Flame Wave            Conj/Fire      49%        2d12      1%          4
c - Sticky Flame          Fire/Alch      34%        2d7       6%          4
d - Starburst             Conj/Fire      24%        6d8       22%         6

Your spell library contained the following spells:

 Spells                   Type           Power      Damage    Failure   Level
 Magic Dart               Conj           100%       1d8       1%          1
 Sting                    Conj/Alch      100%       1d9       1%          1
 Inner Flame              Hex/Fire       26%        N/A       4%          3
 Volatile Blastmotes      Fire/Tloc      52%        2d14      4%          3
 Mercury Vapours          Alch/Air       20%        N/A       12%         2
 Blink                    Tloc           4%         N/A       26%         2
 Call Imp                 Summ           4%         N/A       26%         2
 Fugue of the Fallen      Necr           2%         N/A       47%         3
 Gell's Gravitas          Tloc           2%         N/A       47%         3
 Ozocubu's Armour         Ice            2%         N/A       47%         3
 Teleport Other           Tloc           2%         N/A       47%         3
 Olgreb's Toxic Radiance  Alch           18%        N/A       34%         4
 Manifold Assault         Tloc           2%         N/A       87%         4
 Passage of Golubria      Tloc           2%         N/A       87%         4
 Plasma Beam              Fire/Air       13%        2x1d24    91%         6
 Silence                  Hex/Air        1%         N/A       99%         5
 Dispersal                Tloc           1%         N/A       100%        6
 Lehudib's Crystal Spear  Conj/Erth      12%        10d4      100%        8


Dungeon Overview and Level Annotations

Branches:
Dungeon (14/15)            Temple (1/1) D:4            Lair (5/5) D:11
  Swamp (1/4) Lair:2       Spider (0/4) Lair:2        Slime (0/5) Lair:4
    Orc (2/2) D:11            Elf (0/3) Orc:2
 Vaults: D:13-14

Altars:
Ashenzari
Cheibriados
Dithmenos
Elyvilon
Fedhas
Gozag
Hepliaklqana
Kikubaaqudgha
Makhleb
Nemelex Xobeh
Okawaru
Qazlal
Ru
Sif Muna
Trog
Uskayaw
Vehumet
Wu Jian
Xom
Yredelemnul
Zin
The Shining One
Jiyva

Shops:
D:3 *   D:4 !(!(   D:5 *   D:8 *   D:10 [   Orc:2 ?(*[[

Portals:
Trove: D:14 (give +7 demon trident)

Annotations:
D:10 3 runed translucent doors, mkat's ghost, journeyman MfAl


Innate Abilities, Weirdness & Mutations

You can breathe blasts of scalding, opaque steam.
Your pale cyan-grey scales are hard. (AC +9)
You cannot fit into any form of body armour.
You are cold-blooded and may be slowed by cold attacks.
You are immune to the effects of steam.


Message History

The flame wave engulfs the tentacle!!
The tentacle is moderately wounded.
The flame wave engulfs the tentacle!
The tentacle is lightly wounded. (Press . to intensify the flame waves.)
The kraken bites you.
The tentacle is engulfed in a cloud of scalding steam.
The tentacle slaps you!
The tentacle is engulfed in blazing flames.
The tentacle closely misses you.
The tentacle is engulfed in a cloud of scalding steam.
The tentacle completely misses you. The tentacle closely misses you.
You can now pass through a line of other dancers.
Unknown command.
A wave of flame ripples out!
The flame wave engulfs the tentacle.
The tentacle is moderately wounded.
The flame wave engulfs the tentacle.
The tentacle is moderately wounded.
The flame wave engulfs the kraken.
The kraken is moderately wounded.
The flame wave engulfs the tentacle.
The tentacle is heavily wounded.
The flame wave engulfs the tentacle!
The tentacle is heavily wounded.
The tentacle is engulfed in a cloud of scalding steam.
The tentacle misses you. The tentacle completely misses you.
The tentacle is engulfed in blazing flames.
You block the tentacle's attack.
The tentacle slaps you but does no damage.
The kraken is engulfed in a cloud of scalding steam.
The kraken bites you but does no damage.
The tentacle is engulfed in a cloud of scalding steam.
The tentacle slaps you!
* * * LOW HITPOINT WARNING * * *
The tentacle slaps you!
* * * LOW HITPOINT WARNING * * *
The tentacle misses you.
The tentacle is engulfed in blazing flames.
The tentacle misses you. The kraken bites you!!
You die...

♣♣♣~.§...♣♣♣♣♣♣.~.♣
.~♣~~.~~.~♣♣♣♣♣♣♣♣♣
~♣♣.§~~.~~....$♣♣♣
.♣♣~~..~.........♣
.♣♣~~.~...≈≈≈≈♣§.♣♣♣♣
♣♣~♣♣~...~≈♣≈≈§§..°○♣
♣....~♣..~♣≈≈§○☼.§§☼♣♣
♣~~..♣♣..≈≈≈≈§§ww§§§.♣
~~~§.♣♣..≈♣≈≈§§X@§§§.♣
~~~~.♣♣..♣≈§≈≈○ww.§§.♣
~~~§.~.~..≈♣≈§☼...§~~♣
~...~♣.~.........☼☼=.♣♣
~†......~~....÷♣♣♣.=.~♣
~.~...~~.~♣♣♣♣♣♣♣~~.~♣♣
....~..~~~♣♣♣♣♣~~~~~♣♣♣
.♣♣............~~~....♣
..♣♣♣♣..~~....~~~~.....♣


You could see a kraken (drained) and 4 tentacles.

Vanquished Creatures
  An eleionoma (Swamp:1)
  The ghost of Tripartite the Basher, a journeyman HuWn of Jiyva (Lair:5)
  A bunyip (Swamp:1)
  A boulder beetle (Lair:2)
  3 hydras
  9 two-headed ogres (Orc:2)
  A merfolk avatar (Lair:5)
  4 alligators (Swamp:1)
  2 ogre magi (Orc:2)
  An orc high priest (Orc:1)
  4 death yaks (Lair:5)
  5 skysharks
  A fire crab (D:11)
  A sea snake (Lair:4)
  A goliath frog (Swamp:1)
  2 deep trolls (Orc:2)
  A swamp dragon (Swamp:1)
  2 spriggan druids (Lair:2)
  A manticore (D:12)
  Maurice (Orc:2)
  5 cyclopes
  2 orc sorcerers
  4 elephants (Lair:5)
  A kobold blastminer (Orc:2)
  A torpor snail (Lair:5)
  8 black mambas
  11 cane toads
  4 rime drakes
  A gargoyle (D:11)
  2 unseen horrors
  A kobold demonologist (D:10)
  6 komodo dragons
  A polar bear (Lair:2)
  10 trolls
  A queen bee (Lair:1)
  A tyrant leech (Swamp:1)
  6 hornets
  Prince Ribbit (D:6)
  2 wind drakes (Lair:5)
  10 blink frogs
  11 dream sheep (Lair:5)
  A snapping turtle (Lair:5)
  2 culicivoras (Lair:2)
  3 spriggans
  4 wyverns
  9 slime creatures (D:12)
  2 wraiths
  52 yaks
  Eustachio (D:5)
  3 steam dragons
  3 wargs
  3 swamp worms (Swamp:1)
  An acid dragon (D:11)
  11 water moccasins
  5 sky beasts
  14 orc warriors
  3 ice beasts (D:6)
  5 black bears
  24 ogres
  27 wolves
  A centaur (D:11)
  2 phantoms
  2 kobold brigands
  9 bullfrogs
  8 scorpions
  A gnoll sergeant (D:9)
  7 wights (D:9)
  34 killer bees
  8 howler monkeys
  Crazy Yiuf (D:6)
  6 hounds
  5 orc priests
  A bombardier beetle (D:3)
  2 gnoll boudas
  3 jellies
  2 sleepcaps (D:6)
  5 iguanas
  13 orc wizards
  7 gnolls
  6 adders
  A white imp (D:7)
  3 ufetubi (D:6)
  2 ribbon worms
  70 orcs
  5 endoplasms
  2 giant cockroaches
  6 goblins
  8 hobgoblins
  19 kobolds
  3 quokkas
  3 ball pythons
  8 bats
  3 frilled lizards
  5 rats
  2 tentacles (Swamp:1)
568 creatures vanquished.

Vanquished Creatures (collateral kills)
  A foxfire (Lair:5)
1 creature vanquished.

Vanquished Creatures (others)
  72 foxfires
  2 tentacles (Swamp:1)
74 creatures vanquished.

Grand Total: 643 creatures vanquished

Notes
Turn   | Place    | Note
-------+----------+-------------------------------------------
     0 | D:1      | chippings the Draconian Wanderer began the quest for the
                  | Orb.
     0 | D:1      | chippings set off with the following items: a +1 short
                  | sword, a potion of invisibility; and the following spell
                  | memorised: Foxfire; and the following spells available to
                  | memorise: Volatile Blastmotes, Sticky Flame.
     0 | D:1      | Reached XP level 1. HP: 17/17 MP: 2/2
   157 | D:1      | Reached XP level 2. HP: 24/24 MP: 1/3
   929 | D:2      | Reached XP level 3. HP: 30/30 MP: 2/4
  1921 | D:3      | Found Balleguc's General Store.
  1931 | D:3      | Bought 2 potions of curing for 60 gold pieces
  2076 | D:3      | Identified the +6 short sword of the Ageing Shark {drain,
                  | rPois Str+6}
  2122 | D:3      | Reached XP level 4. HP: 29/37 MP: 4/6
  2409 | D:4      | Learned a level 4 spell: Flame Wave
  2438 | D:4      | Noticed a scorpion
  2448 | D:4      | Killed a scorpion
  2449 | D:4      | Reached skill level 1 in Shields
  2449 | D:4      | Reached skill level 1 in Alchemy
  2449 | D:4      | Reached XP level 5. HP: 24/42 MP: 5/7
  2606 | D:4      | Reached skill level 1 in Conjurations
  2606 | D:4      | Found a staircase to the Ecumenical Temple.
  2646 | Temple   | Entered the Ecumenical Temple
  2716 | Temple   | Became a worshipper of Uskayaw the Reveller
  2806 | D:4      | Reached * piety under Uskayaw
  2903 | D:4      | Found Rasch's Distillery.
  2904 | D:4      | Found Sadym's Antique Weapon Shoppe.
  2904 | D:4      | Found Illolitt's Weapon Shoppe.
  2904 | D:4      | Found Zeitoxush's Distillery.
  2913 | D:4      | Bought a potion of might for 48 gold pieces
  2948 | D:4      | Noticed an ogre
  2959 | D:4      | Reached ** piety under Uskayaw
  2962 | D:4      | Killed an ogre
  2962 | D:4      | Reached *** piety under Uskayaw
  2963 | D:4      | Reached skill level 1 in Stealth
  2963 | D:4      | Reached XP level 6. HP: 51/51 MP: 8/8
  3279 | D:5      | Entered Level 5 of the Dungeon
  3314 | D:5      | Learned a level 4 spell: Sticky Flame
  3336 | D:5      | Noticed a sky beast
  3348 | D:5      | Killed a sky beast
  3387 | D:5      | Your scales start taking on a pale cyan-grey colour.
  3387 | D:5      | Reached skill level 4 in Fire Magic
  3387 | D:5      | Reached XP level 7. HP: 52/57 MP: 10/10
  3387 | D:5      | Gained mutation: You are immune to the effects of steam.
                  | [Pale Draconian growth]
  3535 | D:5      | Noticed Eustachio
  3548 | D:5      | Killed Eustachio
  3569 | D:5      | Found Jeola's Elemental Accessories.
  4068 | D:6      | Found an opulent altar of Gozag.
  4181 | D:6      | Found a runed translucent door.
  4182 | D:6      | Noticed Crazy Yiuf
  4267 | D:6      | Reached XP level 8. HP: 56/66 MP: 11/11
  4283 | D:6      | Noticed Prince Ribbit
  4284 | D:6      | Reached **** piety under Uskayaw
  4286 | D:6      | Reached skill level 5 in Fire Magic
  4289 | D:6      | Reached ***** piety under Uskayaw
  4302 | D:6      | Reached ****** piety under Uskayaw
  4304 | D:6      | Killed Prince Ribbit
  5047 | D:6      | Reached XP level 9. HP: 72/73 MP: 12/12
  5130 | D:6      | Reached skill level 5 in Fighting
  5160 | D:7      | Identified a scroll of acquirement
  5160 | D:7      | Acquired the +2 pair of boots of Xaitzu {Fly rC- Dex+5}
  5279 | D:7      | Reached skill level 6 in Fire Magic
  5379 | D:7      | Found a glowing golden altar of the Shining One.
  5423 | D:7      | Reached skill level 5 in Invocations
  5556 | D:7      | Reached skill level 5 in Short Blades
  5622 | D:7      | Reached XP level 10. HP: 78/83 MP: 2/14
  5819 | D:7      | Found a burning altar of Makhleb.
  5832 | D:7      | Found a sacrificial altar of Ru.
  6081 | D:7      | Reached skill level 5 in Shields
  6480 | D:6      | Killed Crazy Yiuf
  6648 | D:8      | Found a stormy altar of Qazlal.
  6705 | D:8      | Found a shimmering blue altar of Sif Muna.
  6715 | D:8      | Reached skill level 5 in Stealth
  6716 | D:8      | Reached skill level 5 in Conjurations
  6915 | D:8      | Found Zin's Purification Station.
  6932 | D:8      | Found a glowing silver altar of Zin.
  6943 | D:8      | Reached skill level 7 in Fire Magic
  7759 | D:9      | Identified the +5 morningstar of Amorality {antimagic,
                  | Will++}
  8367 | D:10     | Entered Level 10 of the Dungeon
  8387 | D:10     | Found Ponigarph's Armour Shoppe.
  8408 | D:10     | Bought a +1 cloak of stealth for 214 gold pieces
  8434 | D:10     | Found a runed translucent gate.
  8434 | D:10     | Found a runed translucent gate.
  8434 | D:10     | Found a runed translucent gate.
  8435 | D:10     | Noticed a ten-headed hydra
  8439 | D:10     | Noticed mkat's ghost (journeyman MfAl)
  8439 | D:10     | Noticed a 12-headed hydra
  8715 | D:10     | Paralysed by a hornet for 3 turns
  8718 | D:10     | Reached XP level 11. HP: 84/92 MP: 10/15
  9922 | D:11     | Found a staircase to the Orcish Mines.
 10079 | D:11     | You are sucked into a shaft and drop 3 floors!
 10084 | D:14     | Found a portal to a secret trove of treasure.
 10363 | D:12     | Reached skill level 8 in Fire Magic
 11404 | D:11     | Found a staircase to the Lair.
 11406 | D:11     | Noticed a fire crab
 11426 | D:11     | Killed a fire crab
 12016 | Lair:1   | Entered Level 1 of the Lair of Beasts
 12090 | Lair:1   | Reached XP level 12. HP: 74/101 MP: 9/17
 12426 | Lair:1   | Reached skill level 9 in Fire Magic
 12563 | Lair:1   | Learned a level 6 spell: Starburst
 13089 | Lair:2   | Found an ancient bone altar of Kikubaaqudgha.
 13787 | Lair:2   | Noticed a boulder beetle
 13824 | Lair:2   | Killed a boulder beetle
 13906 | Lair:2   | Found a hole to the Spider Nest.
 13956 | Lair:2   | Found a staircase to the Swamp.
 14260 | Lair:3   | Reached skill level 10 in Fire Magic
 14260 | Lair:3   | Reached XP level 13. HP: 102/107 MP: 16/19
 15599 | Lair:4   | Found a viscous altar of Jiyva.
 15600 | Lair:4   | Found a staircase to the Slime Pits.
 16122 | Lair:5   | Entered Level 5 of the Lair of Beasts
 16423 | Lair:5   | Reached skill level 5 in Dodging
 16659 | Lair:5   | Identified the +3 orcbow of Causebol {antimagic, rElec
                  | Str+3 Dex+3}
 16758 | Lair:5   | Found a runed translucent door.
 16759 | Lair:5   | Noticed Tripartite's ghost (journeyman HuWn)
 16806 | Lair:5   | Reached skill level 11 in Fire Magic
 16819 | Lair:5   | Reached XP level 14. HP: 30/115 MP: 16/20
 17374 | Lair:5   | Reached skill level 10 in Short Blades
 17508 | Lair:5   | Killed Tripartite's ghost
 17768 | Orc:1    | Entered Level 1 of the Orcish Mines
 17788 | Orc:1    | Reached skill level 10 in Shields
 18211 | Orc:2    | Entered Level 2 of the Orcish Mines
 18237 | Orc:2    | Found a staircase to the Elven Halls.
 18244 | Orc:2    | Found Souta's Armour Shop.
 18245 | Orc:2    | Found Lootup's Antique Weapon Boutique.
 18254 | Orc:2    | Reached skill level 10 in Stealth
 18254 | Orc:2    | Reached skill level 10 in Conjurations
 18547 | Orc:2    | Found Bedaf's Magic Scroll Boutique.
 18555 | Orc:2    | Bought a scroll of fear for 60 gold pieces
 18555 | Orc:2    | Bought a scroll of fog for 60 gold pieces
 18555 | Orc:2    | Bought a scroll of poison for 60 gold pieces
 18851 | Orc:2    | Reached skill level 12 in Fire Magic
 19101 | Orc:2    | Found Camu's Antique Armour Emporium.
 19103 | Orc:2    | Found Geim's Assorted Antiques.
 19169 | Orc:2    | Noticed Maurice
 19185 | Orc:2    | Killed Maurice
 19210 | Orc:2    | Bought a scroll labelled CAODOOB TOJE for 26 gold pieces
 19210 | Orc:2    | Bought a scroll labelled CAODOOB TOJE for 26 gold pieces
 19611 | Swamp:1  | Entered Level 1 of the Swamp
 19936 | Swamp:1  | Identified the +0 scale mail of Atheism {rN+ Str+5}
 20436 | Swamp:1  | Noticed a kraken
 20524 | Swamp:1  | Reached XP level 15. HP: 53/121 MP: 16/22
 20727 | Swamp:1  | Mangled by a kraken

Illustrated notes

Levels and vault maps discovered:
D:1:      tarquinn_simple_flora_water_b, layout_loops_ring, minmay_pentomino_q2
D:2:      minmay_skewed_foursquare, layout_basic
D:3:      layout_rooms, serial_shops, shop
D:4:      layout_loops_cross, minmay_temple_entry_sparse_star,
          minmay_shop_grid_forest, nicolae_zen_rock_garden
D:5:      layout_basic, nicolae_elemental_shop, uniq_eustachio
D:6:      layout_basic, amcnicky_altar_gilded, nzn_random_ring,
          uniq_crazy_yiuf_cottage, uniq_prince_ribbit1
D:7:      layout_loops_corners, tso_altar, mainiacjoe_overflow_swirl,
          dk_rats_in_the_wall
D:8:      layout_loops_ring, zin_purify, old_standard_altar,
          nicolae_qazlal_general_emergency
D:9:      layout_long_grid
D:10:     cheibrodos_steamvent, layout_basic, gammafunk_ghost_hydra_chop,
          serial_shops, shop
D:11:     layout_basic, minmay_lair_entry_lava, david_orc_2
D:12:     layout_basic, tgw_trog
D:13:     layout_gridville, david_vaults_5, kennysheep_generic_room_13
D:14:     layout_gridville, enter_trove_0, nicolae_figureground_pulse
Temple:   regret_index_temple_generic_petals
Lair:1:   layout_concentric_octagons, special_room [special_room_bee],
          guppyfry_lair_drakes
Lair:2:   layout_chaotic_city, mainiacjoe_swamp_entry_angry_trees,
          hellmonk_spider_entry_life_and_decay, basic_altar
Lair:3:   layout_layer_cave, infiniplex_staircase_pool_2
Lair:4:   layout_cave_pods, slime_entry_1, grunt_megastairs_4
Lair:5:   gammafunk_lair_ancient_temple, layout_gridlike,
          ebering_ghost_inner_flame, grunt_forest_large_clearings
Swamp:1:  layout_basic_swamp, evilmike_swamp_ruin_house_6, swamp_pool_3,
          nicolae_swamp_thats_no_hydra
Orc:1:    layout_diamond_mine
Orc:2:    st_orc_open, layout_diamond_mine, serial_shops,
          nicolae_shop_advertising_works [nicolae_subvault_shop_adworks],
          uniq_maurice

Skill      XL: |  1  2  3  4  5  6  7  8  9 10 11 12 13 14 |
---------------+-------------------------------------------+-----
Shields        | 1 2 3 4 5 7 8 9 10 | 10.0
Alchemy        | 1 2 3 4 |  4.0
Evocations     | 2 |  2.1
Short Blades   | 2 3 4 5 6 7 8 9 10 | 10.0
Conjurations   | 1 2 3 4 5 7 8 9 11 | 11.0
Invocations    | 2 3 4 5 6 7 8 9 |  9.8
Fighting       | 3 4 6 7 8 |  8.0
Stealth        | 1 2 3 4 5 7 8 9 10 | 10.0
Dodging        | 2 3 5 7 |  7.5
Spellcasting   | 2 |  2.0
Fire Magic     | 4 5 6 7 8 10 11 12 | 12.4

Action                     |  1- 3 |  4- 6 |  7- 9 | 10-12 | 13-15 || total
---------------------------+-------+-------+-------+-------+-------++-------
  Melee: Short sword       |   145 |    74 |   230 |   446 |   323 ||  1218
         Tailslap          |    13 |     9 |    42 |    87 |    75 ||   226
   Cast: Foxfire           |    22 |     2 |     6 |     1 |    10 ||    41
         Flame Wave        |       |       |     2 |    36 |    40 ||    78
         Sticky Flame      |       |       |     1 |    36 |    51 ||    88
         Starburst         |       |       |       |       |     2 ||     2
 Invoke: Stomp             |       |       |       |     1 |     1 ||     2
Ability: Breathe Steam     |       |       |       |       |     1 ||     1
    Use: Scroll            |       |     7 |     1 |    11 |     5 ||    24
         Potion            |       |     1 |     2 |     2 |     2 ||     7
   Stab: Sleeping          |     2 |     1 |     6 |    14 |     9 ||    32
         Invisible         |       |     1 |       |       |       ||     1
         Paralysed         |       |       |    11 |    40 |    43 ||    94
         Distracted        |       |       |       |     1 |       ||     1
 Armour: Skin              |    65 |    32 |   104 |   330 |   244 ||   775
  Dodge: Dodged            |    97 |    23 |    94 |   194 |   226 ||   634
  Block: Buckler           |    35 |     8 |    64 |   207 |   187 ||   501
